PIO (24 & UNDER)
SURREY SINNERS @ SEATTLE RAINIERS
08/15/2026
 
TOP OF THE 1ST
Surrey Sinners batting - Pitching for Seattle Rainiers : RHP Lúcio Feliciano
Pitching: RHP Lúcio Feliciano
Batting: RHB Eugene Booth 0-0: Fly out, F8 (Flyball, 8LD)
Batting: RHB Jesús Lara 0-0: SOLO HOME RUN (Flyball, 7D), Distance : 400 ft
Batting: RHB Clint Younger 0-0: Called Strike
0-1: Ball
1-1: Foul Ball, location: 2F
1-2: Ball
2-2: Ground out 6-3 (Groundball, 6)
Batting: LHB Iván Espinosa 0-0: Fly out, F5 (Line Drive, 5S)
Top of the 1st over - 1 run(s), 1 hit(s), 0 error(s), 0 left on base; Surrey 1 - Seattle 0
BOTTOM OF THE 1ST
Seattle Rainiers batting - Pitching for Surrey Sinners : LHP Luis Perea
Pitching: LHP Luis Perea
Batting: RHB Alfredo Farías 0-0: Ball
1-0: SINGLE (Line Drive, 9LS)
Batting: LHB Mike White 0-0: Ball
1-0: Ball
2-0: Swinging Strike
2-1: Ball
3-1: Base on Balls
Alfredo Farías to second
Batting: RHB Enrique Mendoza 0-0: Ball
1-0: Swinging Strike
1-1: Foul Ball, location: 2F
1-2: Ball
2-2: Strikes out swinging
Batting: LHB Alan Moore 0-0: Ball
1-0: Called Strike
1-1: Ball
2-1: SINGLE (Groundball, 34D)
Alfredo Farías to third
Mike White to second
Runner from 3rd tries for Home, SAFE, no throw or cutoff
Batting: RHB António Martínez 0-0: Called Strike
0-1: Ball
1-1: Ground out 2-3 (Groundball, 25)
Mike White to third
Alan Moore to second
Batting: RHB Howard Russell 0-0: Foul Ball, location: 2F
0-1: Swinging Strike
0-2: SINGLE (Groundball, 6MD)
Mike White scores
Alan Moore to third
Runner from 3rd tries for Home, SAFE, no throw or cutoff
Batting: LHB Will Hill 0-0: Foul Ball, location: 2F
0-1: Called Strike
0-2: Foul Ball, location: 2F
0-2: Hit by Pitch
Howard Russell to second
Batting: RHB Vincent Braun 0-0: Ball
1-0: Called Strike
1-1: Fly out, F4 (Popup, 34D)
Bottom of the 1st over - 3 run(s), 3 hit(s), 0 error(s), 2 left on base; Surrey 1 - Seattle 3
TOP OF THE 2ND
Surrey Sinners batting - Pitching for Seattle Rainiers : RHP Lúcio Feliciano
Batting: RHB Cooper Richard 0-0: Called Strike
0-1: Ball
1-1: Ball
2-1: Ball
3-1: SINGLE (Line Drive, 78S)
Batting: RHB Daniel Santiago 0-0: Called Strike
0-1: Called Strike
0-2: Fielders Choice at 2nd, 6-4 (Groundball, 6)
Batting: RHB Mitchell Darragh 0-0: Called Strike
0-1: Ball
1-1: Ball
2-1: Fly out, F9 (Flyball, 89M)
Batting: RHB Félix Castro 0-0: Ball
Daniel Santiago steals 2nd base
1-0: Fly out, F8 (Flyball, 8RD)
Top of the 2nd over - 0 run(s), 1 hit(s), 0 error(s), 1 left on base; Surrey 1 - Seattle 3
BOTTOM OF THE 2ND
Seattle Rainiers batting - Pitching for Surrey Sinners : LHP Luis Perea
Batting: RHB Jorge Colón 0-0: Ball
1-0: Foul Ball, location: 2F
1-1: Foul Ball, location: 2F
1-2: Ball
2-2: Ground out 6-3 (Groundball, 6MS)
Batting: RHB Alfredo Farías 0-0: Ball
1-0: SINGLE (Line Drive, 6M)
Batting: LHB Mike White 0-0: Called Strike
0-1: Ball
1-1: Ball
2-1: SINGLE (Groundball, 4MD)
Alfredo Farías to second
Runner from 2nd tries for 3rd, SAFE, throw made to third
Mike White to second
Batting: RHB Enrique Mendoza 0-0: 3-RUN HOME RUN (Flyball, 7D), Distance : 389 ft
Batting: LHB Alan Moore 0-0: Ball
1-0: Ball
2-0: Foul Ball, location: 2F
2-1: Called Strike
2-2: Strikes out swinging
Batting: RHB António Martínez 0-0: Called Strike
0-1: Called Strike
0-2: Ball
1-2: Ball
2-2: Strikes out swinging
Bottom of the 2nd over - 3 run(s), 3 hit(s), 0 error(s), 0 left on base; Surrey 1 - Seattle 6
TOP OF THE 3RD
Surrey Sinners batting - Pitching for Seattle Rainiers : RHP Lúcio Feliciano
Batting: RHB Shawn Gutiérrez 0-0: Swinging Strike
0-1: Ball
1-1: Foul Ball, location: 2F
1-2: Foul Ball, location: 2F
1-2: Strikes out swinging
Batting: RHB Eugene Booth 0-0: TRIPLE (Flyball, 7LS)
Batting: RHB Jesús Lara 0-0: Ball
1-0: Fly out, F7 (Flyball, 7LM)
Runner from 3rd tags up, SCORES, no throw
Batting: RHB Clint Younger 0-0: Ball
1-0: Foul Ball, location: 2F
1-1: Called Strike
1-2: Foul Ball, location: 2F
1-2: Fly out, F6 (Line Drive, 6)
Top of the 3rd over - 1 run(s), 1 hit(s), 0 error(s), 0 left on base; Surrey 2 - Seattle 6
BOTTOM OF THE 3RD
Seattle Rainiers batting - Pitching for Surrey Sinners : LHP Luis Perea
Batting: RHB Howard Russell 0-0: Ball
1-0: Foul Ball, location: 2F
1-1: Ball
2-1: DOUBLE (Line Drive, 7LM)
Batting: LHB Will Hill 0-0: Hit by Pitch
Batting: RHB Vincent Braun 0-0: Ball
1-0: Ball
2-0: Fly out, F7 (Line Drive, 7S)
Batting: RHB Jorge Colón 0-0: Ball
1-0: Reached on Error, E9 (Flyball, 9M)
Howard Russell to third
Will Hill to second
Batting: RHB Alfredo Farías 0-0: Called Strike
0-1: Swinging Strike
0-2: Foul Ball, location: 2F
0-2: Ball
1-2: Ball
2-2: Foul Ball, location: 2F
2-2: Strikes out swinging
Batting: LHB Mike White 0-0: Foul Ball, location: 2F
0-1: Fly out, F8 (Line Drive, 8LM)
Bottom of the 3rd over - 0 run(s), 1 hit(s), 1 error(s), 3 left on base; Surrey 2 - Seattle 6
TOP OF THE 4TH
Surrey Sinners batting - Pitching for Seattle Rainiers : RHP Lúcio Feliciano
Batting: LHB Iván Espinosa 0-0: Called Strike
0-1: Ball
1-1: Swinging Strike
1-2: Ball
2-2: Ball
3-2: Strikes out swinging
Batting: RHB Cooper Richard 0-0: SINGLE (Line Drive, 56D)
Batting: RHB Daniel Santiago 0-0: Ball
1-0: Fly out, F7 (Flyball, 7M)
Batting: RHB Mitchell Darragh 0-0: Called Strike
0-1: Foul Ball, location: 2F
0-2: Ball
1-2: Ball
2-2: Foul Ball, location: 2F
2-2: Strikes out swinging
Top of the 4th over - 0 run(s), 1 hit(s), 0 error(s), 1 left on base; Surrey 2 - Seattle 6
BOTTOM OF THE 4TH
Seattle Rainiers batting - Pitching for Surrey Sinners : LHP Luis Perea
Batting: RHB Enrique Mendoza 0-0: Foul Ball, location: 2F
0-1: Ground out 5-3 (Groundball, 56)
Batting: LHB Alan Moore 0-0: Ground out 6-3 (Groundball, 6M)
Batting: RHB António Martínez 0-0: Ball
1-0: Swinging Strike
1-1: Ball
2-1: Foul Ball, location: 2F
2-2: Foul Ball, location: 2F
2-2: Ground out 6-3 (Groundball, 56)
Bottom of the 4th over - 0 run(s), 0 hit(s), 0 error(s), 0 left on base; Surrey 2 - Seattle 6
TOP OF THE 5TH
Surrey Sinners batting - Pitching for Seattle Rainiers : RHP Lúcio Feliciano
Batting: RHB Félix Castro 0-0: Ground out 5-3 (Groundball, 56S)
Batting: RHB Shawn Gutiérrez 0-0: Ball
1-0: Called Strike
1-1: Ball
2-1: Ball
3-1: Fly out, F3 (Popup, 23F)
Batting: RHB Eugene Booth 0-0: Ball
1-0: Called Strike
1-1: Foul Ball, location: 2F
1-2: Ball
2-2: Ball
3-2: Foul Ball, location: 2F
3-2: Base on Balls
Batting: RHB Jesús Lara 0-0: Called Strike
0-1: Ball
1-1: Ball
2-1: Ball
3-1: Ground out 5-3 (Groundball, 5S)
Top of the 5th over - 0 run(s), 0 hit(s), 0 error(s), 1 left on base; Surrey 2 - Seattle 6
BOTTOM OF THE 5TH
Seattle Rainiers batting - Pitching for Surrey Sinners : LHP Luis Perea
Batting: RHB Howard Russell 0-0: Ball
1-0: Called Strike
1-1: Ball
2-1: Ball
3-1: Foul Ball, location: 2F
3-2: Foul Ball, location: 2F
3-2: Foul Ball, location: 2F
3-2: Base on Balls
Pitching: RHP Ernest Ware
Batting: LHB Will Hill 0-0: Called Strike
0-1: Ball
Howard Russell steals 2nd base
1-1: Called Strike
1-2: Ball
2-2: Foul Ball, location: 2F
2-2: Ball
3-2: Strikes out swinging
Batting: RHB Vincent Braun 0-0: Intentional Walk
Batting: RHB Jorge Colón 0-0: Ball
1-0: 3-RUN HOME RUN (Flyball, 7D), Distance : 393 ft
Batting: RHB Alfredo Farías 0-0: Called Strike
0-1: Ball
1-1: Foul Ball, location: 2F
1-2: Strikes out looking
Batting: LHB Mike White 0-0: SINGLE (Flyball, 7S)
Batting: RHB Enrique Mendoza 0-0: Called Strike
Mike White is caught stealing 2nd base
Bottom of the 5th over - 3 run(s), 2 hit(s), 0 error(s), 0 left on base; Surrey 2 - Seattle 9
TOP OF THE 6TH
Surrey Sinners batting - Pitching for Seattle Rainiers : RHP Lúcio Feliciano
Batting: RHB Clint Younger 0-0: Ball
1-0: Swinging Strike
1-1: Foul Ball, location: 2F
1-2: Strikes out swinging
Batting: LHB Iván Espinosa 0-0: Fly out, F6 (Popup, 6M)
Batting: RHB Cooper Richard 0-0: Ball
1-0: Called Strike
1-1: Fly out, F8 (Flyball, 8LD)
Top of the 6th over - 0 run(s), 0 hit(s), 0 error(s), 0 left on base; Surrey 2 - Seattle 9
BOTTOM OF THE 6TH
Seattle Rainiers batting - Pitching for Surrey Sinners : RHP Ernest Ware
Batting: RHB Enrique Mendoza 0-0: SINGLE (Line Drive, 6D)
Batting: LHB Alan Moore 0-0: Ball
1-0: Ball
2-0: Called Strike
2-1: Ball
3-1: Called Strike
3-2: Foul Ball, location: 2F
3-2: Fly out, F7 (Flyball, 7S)
Batting: RHB António Martínez 0-0: Ball
1-0: Ball
2-0: Called Strike
2-1: Grounds into double play, 6-4-3 (Groundball, 6M)
Bottom of the 6th over - 0 run(s), 1 hit(s), 0 error(s), 0 left on base; Surrey 2 - Seattle 9
TOP OF THE 7TH
Surrey Sinners batting - Pitching for Seattle Rainiers : RHP Lúcio Feliciano
Batting: RHB Daniel Santiago 0-0: Called Strike
0-1: Ball
1-1: Foul Ball, location: 2F
1-2: Ball
2-2: Strikes out swinging
Batting: RHB Mitchell Darragh 0-0: Ball
1-0: Foul Ball, location: 2F
1-1: Foul Ball, location: 2F
1-2: Ball
2-2: Ball
3-2: Base on Balls
Pitching: LHP Tommy Corrigan
Batting: RHB Félix Castro 0-0: Fly out, F9 (Popup, 34D)
Batting: RHB Shawn Gutiérrez 0-0: Called Strike
0-1: Ball
1-1: SINGLE (Line Drive, 56)
Mitchell Darragh to second
Batting: RHB Eugene Booth 0-0: Called Strike
0-1: Swinging Strike
0-2: Ball
1-2: Ball
2-2: Ball
3-2: Foul Ball, location: 2F
3-2: Strikes out swinging
Top of the 7th over - 0 run(s), 1 hit(s), 0 error(s), 2 left on base; Surrey 2 - Seattle 9
BOTTOM OF THE 7TH
Seattle Rainiers batting - Pitching for Surrey Sinners : RHP Ernest Ware
Pitching: LHP Sebastián Cervantes
Batting: RHB Howard Russell 0-0: Ball
1-0: Ball
2-0: Fly out, F7 (Line Drive, 7M)
Batting: LHB Will Hill 0-0: Ball
1-0: SINGLE (Groundball, 4)
Batting: RHB Vincent Braun 0-0: Swinging Strike
0-1: Fly out, F8 (Popup, 8LM)
Batting: RHB Jorge Colón Pickoff Throw to First - Out!
Bottom of the 7th over - 0 run(s), 1 hit(s), 0 error(s), 0 left on base; Surrey 2 - Seattle 9
TOP OF THE 8TH
Surrey Sinners batting - Pitching for Seattle Rainiers : LHP Tommy Corrigan
Batting: RHB Jesús Lara 0-0: Called Strike
0-1: Ball
1-1: Called Strike
1-2: Ball
2-2: Foul Ball, location: 2F
2-2: Ball
3-2: Base on Balls
Batting: RHB Clint Younger 0-0: Ball
1-0: Called Strike
1-1: Fly out, F9 (Flyball, 9D)
Batting: LHB Iván Espinosa 0-0: Called Strike
0-1: Foul Ball, location: 2F
0-2: Ball
1-2: Ball
Pickoff Throw to First - Error! E1
Jesús Lara to second
2-2: Ground out 4-3 (Groundball, 34)
Jesús Lara to third
Batting: RHB Cooper Richard 0-0: Ball
1-0: Ball
2-0: Ball
3-0: Base on Balls
Batting: RHB Daniel Santiago 0-0: Ball
1-0: Foul Ball, location: 2F
1-1: Foul Ball, location: 2F
1-2: Fly out, F8 (Flyball, 8LM)
Top of the 8th over - 0 run(s), 0 hit(s), 1 error(s), 2 left on base; Surrey 2 - Seattle 9
BOTTOM OF THE 8TH
Seattle Rainiers batting - Pitching for Surrey Sinners : LHP Sebastián Cervantes
Batting: RHB Jorge Colón 0-0: Called Strike
0-1: Ball
1-1: Foul Ball, location: 2F
1-2: Strikes out looking
Batting: RHB Alfredo Farías 0-0: Ball
1-0: Ball
2-0: Called Strike
2-1: Swinging Strike
2-2: Foul Ball, location: 2F
2-2: Ball
3-2: Base on Balls
Batting: LHB Mike White 0-0: Called Strike
0-1: Called Strike
0-2: Ball
1-2: Foul Ball, location: 2F
1-2: Grounds into double play, 6-4-3 (Groundball, 6)
Bottom of the 8th over - 0 run(s), 0 hit(s), 0 error(s), 0 left on base; Surrey 2 - Seattle 9
TOP OF THE 9TH
Surrey Sinners batting - Pitching for Seattle Rainiers : LHP Tommy Corrigan
Batting: RHB Mitchell Darragh 0-0: SINGLE (Line Drive, 9LS)
Batting: RHB Félix Castro 0-0: Ball
1-0: Foul Ball, location: 2F
1-1: SINGLE (Line Drive, 9S)
Mitchell Darragh to second
Runner from 2nd tries for 3rd, SAFE, throw made to third
Batting: RHB Shawn Gutiérrez 0-0: Called Strike
0-1: Grounds into double play, 6-4-3 (Groundball, 6M)
Mitchell Darragh scores
Batting: RHB Eugene Booth 0-0: Ball
1-0: Ball
2-0: Ball
3-0: Base on Balls
Batting: RHB Jesús Lara 0-0: Ball
1-0: Foul Ball, location: 2F
1-1: Ball
2-1: Called Strike
2-2: Ball
3-2: Foul Ball, location: 2F
3-2: SINGLE (Line Drive, 78S)
Eugene Booth to second
Eugene Booth to third
Batting: RHB Clint Younger 0-0: Ball
1-0: Foul Ball, location: 2F
1-1: Ball
2-1: Swinging Strike
2-2: Foul Ball, location: 2F
2-2: Strikes out looking
Top of the 9th over - 1 run(s), 3 hit(s), 0 error(s), 2 left on base; Surrey 3 - Seattle 9
Monday, December 5th, 2016 - OOTP Baseball 17.12 Build 75